Map: Complesso Moebius XX-1

Players

Boethiah

  • Race: Zerg Zerg
  • League: Silver

Feda

  • Race: Terran Terran

AKB

  • Race: Terran Terran

Jhyrachy

  • Race: Zerg Zerg
  • League: Gold

Kermit

  • Race: Zerg Zerg

Phoenix

  • Race: Terran Terran

Kalissa

  • Race: Protoss Protoss

BBWHITE

  • Race: Protoss Protoss
  • League: Gold

VOD

Have the link to the VOD?

Description

Time

  • Played on: April 24, 2016, 7:18 a.m.
  • Length: 14:40
Show
View Real Time Build Order
Export as new Build Order

Boethiah Zerg 

Build Orders: Hatch First 

Get SALT Encoding   

  12  0:01  Drone  
  13  0:18  Drone  
  13  0:21  Overlord  
  14  0:40  Drone x3  
  17  1:00  Hatchery  
  16  1:07  Drone x2  
  18  1:34  Spawning Pool  
  18  1:35  Extractor  
  18  1:36  Drone x3  
  19  1:48  Overlord  
  19  2:10  Drone x2  
  21  2:19  Overlord  
  21  2:20  Drone  
  21  2:22  Queen x2  
  26  2:24  Drone  
  26  2:28  Extractor  
  26  2:33  Drone  
  27  3:03  Drone x5  
  27  3:04  Drone  
  33  3:10  Queen x2  
  37  3:16  Drone x2  
  37  3:19  Metabolic Boost  
  39  3:25  Roach Warren  
  38  3:37  Spine Crawler  
  38  3:39  Spine Crawler  
  38  3:40  Spine Crawler  
  20  4:19  Drone x5  
  20  4:20  Drone x4  
  26  4:34  Spore Crawler  
  25  4:41  Zergling x8  
  28  4:47  Spore Crawler  
  28  4:52  Zergling x4  
  28  5:05  Drone  
  28  5:06  Drone  
  27  5:21  Extractor  
  26  5:23  Extractor  
  26  5:25  Roach Warren  
  24  5:29  Drone x4  
  28  5:36  Drone x2  
  28  5:39  Queen  
  32  5:47  Spine Crawler  
  31  5:55  Drone x3  
  34  6:08  Spore Crawler  
  34  6:11  Lair  
  33  6:13  Drone  
  34  6:21  Queen  
  36  6:41  Drone x5  
  36  6:42  Drone x2  
  43  6:49  Spore Crawler  
  42  6:54  Spore Crawler  
  42  7:00  Queen  
  43  7:09  Drone  
  43  7:10  Overlord  
  44  7:30  Glial Reconstitution  
  44  7:32  Spire  
  44  7:35  Drone x6  
  49  7:45  Overlord  
  49  8:03  Queen  
  51  8:16  Drone  
  51  8:17  Overlord x3  
  52  8:32  Hydralisk Den  
  51  8:35  Queen  
  51  8:36  Evolution Chamber  
  51  8:39  Roach  
  51  8:40  Roach  
  51  8:41  Drone x3, Roach  
  61  8:52  Overseer  
  61  8:59  Drone x3  
  61  9:00  Hatchery  
  64  9:18  Roach x2  
  64  9:19  Overlord x2  
  68  9:33  Overlord x2  
  68  9:38  Corruptor x4  
  76  9:48  Hatchery  
  75  10:02  Roach x2  
  75  10:03  Roach x2  
  83  10:22  Hydralisk x4  
  83  10:27  Muscular Augments  
  83  10:28  Zerg Missile Weapons Level 1  
  91  10:31  Zerg Flyer Armor Level 1  
  91  10:39  Corruptor x2  
  91  10:40  Corruptor  
  97  10:44  Corruptor  
  99  11:05  Hatchery  
  98  11:11  Pneumatized Carapace  
  98  11:12  Hydralisk  
  98  11:14  Overlord x2  
  100  11:37  Hydralisk  
  100  11:38  Hydralisk x2, Roach x3  
  100  11:39  Roach  
  99  12:16  Hydralisk  
  99  12:17  Hydralisk x4, Roach x3  
  109  12:46  Hydralisk x2, Roach x2  
  109  12:47  Roach  
  85  13:26  Hydralisk x3, Roach x2  
  85  13:27  Roach  
  89  13:48  Extractor  
  89  13:49  Extractor  
  89  13:51  Hydralisk x3  
  89  13:52  Roach x4  
  101  14:07  Hydralisk  
  101  14:08  Hydralisk x2, Roach x4  
  101  14:09  Roach  
  119  14:17  Roach  
  119  14:22  Overlord x2  
Show
View Real Time Build Order
Export as new Build Order

Feda Terran 

Build Orders:  

Get SALT Encoding   

  12  0:55  Refinery  
  12  0:58  SCV  
  12  0:59  Refinery  
  13  1:10  SCV  
  14  1:22  SCV  
  15  1:29  Supply Depot  
  15  1:51  SCV  
  16  1:54  Barracks  
  16  2:00  Barracks  
  16  2:03  SCV  
  17  2:15  SCV  
  18  2:27  Supply Depot, SCV  
  19  2:50  Barracks Reactor  
  19  2:52  Barracks Reactor  
  19  2:56  Engineering Bay  
  19  3:03  Supply Depot  
  19  3:23  Terran Infantry Weapons Level 1  
  19  3:25  Supply Depot  
  19  3:28  Reaper  
  19  3:29  Reaper x3  
  23  4:00  Planetary Fortress, Reaper  
  23  4:01  Reaper  
  21  5:20  Reaper x4  
  23  5:29  Bunker  
  23  5:52  Reaper x4  
  23  5:56  Supply Depot  
  27  6:00  Sensor Tower  
  27  6:24  Reaper x4  
  31  6:29  Command Center  
  25  8:35  Planetary Fortress  
  25  8:39  Reaper x2  
  27  8:42  Reaper x2  
  29  8:49  Bunker  
  29  9:11  Reaper x2  
  29  9:14  Reaper x2  
  33  9:21  Bunker  
  33  9:43  Reaper x2  
  35  9:46  Reaper x2  
  37  10:15  Reaper  
  26  11:57  Reaper x3  
  26  11:58  Reaper  
  30  12:29  Reaper x2  
  33  12:30  Reaper x2  
  34  13:01  Reaper x2  
  34  13:02  Reaper x2  
  34  13:33  Reaper  
  34  13:34  Reaper  
Show
View Real Time Build Order
Export as new Build Order

AKB Terran 

Build Orders: MMM Bio 

Get SALT Encoding   

  12  0:06  SCV  
  13  0:17  Supply Depot  
  13  0:19  SCV  
  14  0:31  SCV  
  15  1:46  Barracks  
  15  1:49  Refinery  
  15  1:50  SCV  
  16  2:05  SCV  
  17  2:09  Command Center  
  17  2:10  Command Center  
  17  2:19  SCV  
  18  2:27  Refinery  
  18  2:31  SCV  
  19  2:42  Supply Depot, Barracks Tech Lab  
  19  2:51  Orbital Command  
  19  3:16  Marauder  
  21  3:21  SCV  
  21  3:23  Factory  
  22  3:33  SCV  
  23  3:34  SCV  
  23  3:37  SCV  
  25  3:45  Marauder  
  25  3:48  SCV  
  28  3:49  SCV  
  28  3:50  SCV  
  30  4:00  SCV  
  31  4:03  SCV x2  
  33  4:10  Factory Reactor  
  33  4:12  Starport  
  33  4:21  SCV x2  
  33  4:22  SCV  
  36  4:29  Concussive Shells  
  36  4:32  Marauder, Supply Depot  
  38  4:46  Widow Mine  
  38  4:47  Widow Mine  
  38  4:51  Starport Reactor  
  38  4:52  Barracks  
  42  4:54  SCV x3  
  45  5:06  SCV x2  
  47  5:11  SCV  
  48  5:18  SCV x2  
  50  5:23  SCV  
  50  5:26  Marauder  
  53  6:17  SCV  
  53  6:18  SCV x2  
  56  6:25  Engineering Bay  
  56  6:26  Marauder  
  56  6:29  SCV, Stimpack  
  56  6:30  Barracks Reactor, SCV x2  
  56  6:31  Widow Mine x2  
  65  6:34  Medivac x2  
  69  6:40  Engineering Bay  
  69  6:48  Supply Depot  
  69  6:51  Refinery  
  69  6:54  Refinery  
  69  6:55  Orbital Command  
  69  6:57  Orbital Command  
  69  7:09  Widow Mine x2, Medivac x2  
  69  7:11  Supply Depot  
  69  7:12  Hi-Sec Auto Tracking  
  77  7:17  Missile Turret  
  77  7:18  Missile Turret  
  77  7:21  Missile Turret  
  77  7:24  Terran Infantry Weapons Level 1  
  77  7:31  Supply Depot  
  77  7:32  Marine x2  
  77  7:33  SCV  
  80  7:38  Supply Depot  
  80  7:50  Marine x2  
  82  7:54  Supply Depot  
  82  8:00  Supply Depot  
  76  8:16  Supply Depot  
  76  8:23  Supply Depot  
  76  8:24  Viking x2  
  76  8:25  Marine  
  76  8:26  Marine  
  82  8:43  Marine x2  
  82  8:47  Supply Depot  
  84  8:52  Terran Infantry Armor Level 1  
  84  8:54  Viking x2  
  88  8:57  Armory  
  88  9:01  Marine x2  
  90  9:04  Starport  
  90  9:10  Supply Depot  
  90  9:19  Marine  
  91  9:26  Command Center  
  91  9:30  SCV  
  92  9:42  SCV  
  93  9:54  SCV  
  90  10:06  SCV  
  91  10:18  SCV  
  91  10:19  Marauder, Marine x2  
  96  10:21  Combat Shields  
  96  10:24  Terran Infantry Weapons Level 2  
  90  10:37  Marine x2  
  90  10:40  Marauder  
  90  10:55  Marine  
  91  10:57  Marine  
  91  11:02  Marauder  
  89  11:12  Marine  
  89  11:15  Marine  
  89  11:17  Terran Infantry Armor Level 2  
  83  11:19  Starport Reactor  
  83  11:20  Widow Mine x2  
  83  11:23  Marine  
  72  11:43  Marauder, Marine x2  
  72  11:48  Widow Mine x2  
  59  12:01  Marine  
  59  12:04  Marauder  
  60  12:10  Medivac x2  
  60  12:12  Marine  
  65  12:17  Widow Mine x2  
  65  12:19  Marine  
  65  12:22  SCV, Barracks  
  71  12:26  Marauder  
  71  12:28  Orbital Command  
  73  12:30  Marine  
  73  12:34  SCV  
  73  12:36  Refinery x2  
  57  12:45  Widow Mine  
  57  12:46  Widow Mine, SCV  
  41  12:58  SCV  
  41  13:03  Marauder, Marine  
  41  13:04  Marine  
  46  13:10  Medivac x2  
  47  13:21  Marine x2  
  47  13:22  Barracks Reactor  
  49  13:39  Marine x2  
Show
View Real Time Build Order
Export as new Build Order

Jhyrachy Zerg 

Build Orders: Hatch First 

Get SALT Encoding   

  12  0:31  Hatchery  
  12  0:32  Drone  
  12  0:37  Drone  
  12  0:41  Drone  
  14  0:50  Overlord  
  14  0:56  Extractor  
  13  0:57  Drone  
  14  1:17  Drone x2  
  16  1:27  Spawning Pool, Drone  
  16  1:38  Drone  
  17  1:44  Drone  
  18  1:51  Drone  
  19  2:00  Drone  
  20  2:04  Overlord  
  21  2:08  Drone  
  21  2:15  Drone  
  22  2:18  Queen  
  22  2:19  Evolution Chamber  
  23  2:25  Queen  
  25  2:34  Zergling x4  
  25  2:35  Zergling x2  
  28  3:00  Pneumatized Carapace  
  28  3:06  Zergling x2  
  28  3:07  Zergling x10  
  34  3:19  Metabolic Boost  
  34  3:24  Zergling x4  
  36  3:55  Overlord x2  
  36  4:17  Zerg Melee Weapons Level 1  
  36  4:21  Zergling x2  
  36  4:22  Zergling x24  
  49  4:36  Overlord x2  
  49  5:02  Drone  
  49  5:03  Drone x7  
  57  5:34  Drone  
  35  6:43  Drone  
  36  6:47  Extractor  
  36  6:48  Lair  
  36  6:51  Extractor  
  36  6:53  Extractor, Drone x2  
  36  6:54  Drone x3  
  37  6:55  Drone  
  37  6:56  Drone x3  
  37  6:57  Drone x2  
  37  6:58  Drone, Overlord x2  
  45  7:40  Drone x3  
  45  7:42  Drone  
  49  7:45  Hatchery  
  49  7:47  Spire  
  48  8:05  Spore Crawler  
  47  8:07  Spore Crawler  
  47  8:10  Spore Crawler  
  44  8:13  Queen  
  44  8:16  Spore Crawler  
  45  8:22  Spore Crawler  
  44  8:46  Spore Crawler  
  43  9:04  Spire  
  42  9:30  Hatchery  
  41  9:51  Overlord x2  
  41  9:57  Drone x2  
  41  9:58  Drone x2  
  45  10:16  Mutalisk  
  45  10:17  Mutalisk x17  
  45  10:18  Mutalisk  
  83  10:36  Zerg Flyer Weapons Level 1  
  83  10:45  Extractor, Queen  
  84  10:52  Drone  
  84  10:53  Drone x11  
  80  11:21  Queen  
  71  11:40  Mutalisk  
  71  11:41  Mutalisk x7  
  68  12:47  Mutalisk x6  
  80  12:52  Mutalisk x3  
  54  13:50  Zergling x2  
  54  13:51  Zergling x18  
  64  13:56  Infestation Pit  
  64  14:00  Zergling x2  
  64  14:05  Evolution Chamber  
Show
View Real Time Build Order
Export as new Build Order

Kermit Zerg 

Build Orders: Pool First 

Get SALT Encoding   

  12  0:03  Drone  
  13  0:23  Spawning Pool  
  13  0:27  Drone  
  13  0:35  Drone  
  14  0:39  Overlord  
  14  0:58  Drone  
  14  0:59  Drone  
  16  1:05  Drone  
  17  1:13  Zergling x2  
  18  1:18  Roach Warren  
  17  1:28  Queen  
  19  1:37  Zergling x4  
  21  1:44  Extractor  
  20  1:47  Overlord  
  20  2:02  Zergling x2  
  21  2:09  Drone  
  21  2:15  Extractor  
  21  2:18  Zergling x2  
  22  2:41  Drone  
  22  2:42  Drone x3  
  26  3:04  Drone  
  26  3:05  Drone  
  28  3:14  Drone x2  
  28  3:19  Overlord x2  
  25  4:27  Roach  
  25  4:28  Roach x4  
  35  4:56  Hatchery  
  34  5:08  Overlord x3  
  34  5:10  Roach  
  34  5:11  Roach  
  38  5:27  Roach x2  
  42  5:41  Roach  
  42  5:56  Ravager  
  42  5:57  Ravager  
  43  6:11  Ravager x2  
  43  6:12  Ravager x3  
  43  6:13  Ravager  
  43  6:14  Ravager  
  50  6:18  Ravager  
  51  6:28  Drone x2  
  51  6:29  Queen  
  51  7:41  Queen  
  53  7:46  Drone  
  53  7:47  Drone x5  
  59  8:07  Drone  
  59  8:11  Extractor  
  59  8:14  Extractor  
  58  8:22  Lair  
  58  8:46  Evolution Chamber  
  57  8:51  Evolution Chamber  
  56  9:04  Hatchery  
  56  9:07  Drone x4  
  59  9:18  Drone  
  59  9:24  Queen  
  62  9:32  Infestation Pit  
  61  10:15  Drone  
  61  10:16  Drone x7  
  69  10:23  Hive  
  69  10:28  Zerg Melee Weapons Level 1  
  69  10:30  Zerg Ground Armor Level 1  
  69  10:36  Evolution Chamber  
  65  11:04  Zerg Missile Weapons Level 1  
  65  11:16  Queen  
  67  11:19  Hatchery  
  63  11:35  Adrenal Glands  
  63  12:13  Overlord  
  63  12:14  Overlord x9  
  54  13:08  Zergling x30  
  54  13:09  Zergling x8  
  54  13:10  Zergling x2  
  54  13:11  Zergling x34  
  91  13:37  Zergling x2  
  91  13:38  Zergling x4  
  94  13:48  Zergling x10  
  95  13:49  Zergling x12  
Show
View Real Time Build Order
Export as new Build Order

Phoenix Terran 

Build Orders: Command Center First (CC), Mech 

Get SALT Encoding   

  12  0:01  SCV  
  13  0:13  SCV  
  14  0:25  SCV  
  15  0:49  Command Center  
  15  0:57  Supply Depot  
  15  1:13  Supply Depot  
  15  1:19  SCV  
  15  1:20  Barracks  
  16  1:34  SCV  
  16  1:35  Engineering Bay  
  17  1:47  SCV, Supply Depot  
  18  1:56  Refinery  
  18  1:59  SCV  
  19  2:13  Marine  
  20  2:16  Bunker  
  20  2:22  SCV  
  21  2:31  Orbital Command  
  21  2:36  Refinery, Marine  
  22  2:45  Orbital Command  
  22  2:54  Marine  
  23  3:04  SCV  
  24  3:12  Marine  
  25  3:15  Factory  
  25  3:17  SCV x2  
  27  3:22  Supply Depot  
  27  3:26  Missile Turret  
  27  3:29  SCV x2  
  27  3:33  Missile Turret  
  30  3:41  SCV x2  
  31  3:53  SCV x2  
  33  4:01  Marine  
  34  4:04  Hi-Sec Auto Tracking  
  34  4:05  SCV  
  34  4:06  Command Center, SCV  
  36  4:15  Factory Tech Lab  
  36  4:20  Factory Reactor  
  36  4:24  Starport, Marine  
  36  4:26  SCV x2  
  39  4:38  SCV x2  
  41  4:42  Marine  
  42  4:50  Armory, SCV x2  
  44  5:02  SCV x2  
  44  5:07  Widow Mine x2  
  46  5:09  Starport Reactor  
  50  5:19  Orbital Command  
  50  5:20  Missile Turret  
  50  5:26  Refinery  
  50  5:27  SCV x2  
  52  5:32  Refinery  
  52  5:34  Refinery  
  52  5:35  Widow Mine x2  
  52  5:36  Marine  
  52  5:38  Armory  
  52  5:39  SCV x2  
  52  5:41  Refinery  
  59  5:44  Terran Vehicle And Ship Armor Level 1  
  59  5:51  SCV  
  59  5:54  SCV x2  
  62  6:03  SCV  
  62  6:04  Widow Mine x2  
  63  6:06  SCV  
  63  6:07  SCV  
  69  6:19  Medivac x2  
  73  6:32  Terran Vehicle Weapons Level 1  
  73  6:33  Hellbat x2  
  77  6:48  Factory  
  77  7:00  Widow Mine  
  77  7:07  Widow Mine  
  74  7:32  Factory  
  72  7:46  SCV x3  
  72  7:58  SCV x3  
  70  8:10  SCV x2  
  72  8:14  SCV  
  73  8:22  SCV x2  
  73  8:26  SCV  
  75  8:32  Marine  
  76  8:49  Supply Depot  
  76  8:50  Marine  
  76  8:51  Supply Depot  
  76  8:55  Supply Depot  
  77  8:57  Terran Vehicle Weapons Level 2, Terran Vehicle And Ship Armor Level 2  
  77  8:59  Factory Tech Lab  
  77  9:00  Factory Tech Lab  
  77  9:10  Viking x2  
  77  9:11  Hellbat x2  
  77  9:12  Marine  
  86  9:21  SCV  
  87  9:29  Supply Depot  
  87  9:33  Liberator, SCV  
  87  9:36  Hellbat x2  
  87  9:37  Thor  
  98  9:40  Medivac  
  98  9:45  SCV  
  100  9:50  Thor, Supply Depot  
  100  9:52  Supply Depot  
  109  9:53  Building Armor  
  109  9:59  SCV  
  104  10:07  Command Center  
  104  10:11  SCV  
  104  10:12  Supply Depot  
  104  10:15  Hellbat x2, Supply Depot  
  104  10:18  Infernal Pre-Igniter  
  104  10:20  Marine, Thor  
  109  10:33  Thor  
  109  10:35  Supply Depot  
  103  10:36  Hellbat  
  103  10:38  Marine  
  101  10:57  Supply Depot  
  95  11:20  Supply Depot  
  95  11:21  Thor x2  
  94  11:42  Hellbat x2, Supply Depot  
  96  12:03  Hellbat  
  96  12:04  Thor x2  
  98  12:16  Orbital Command  
  92  12:25  Hellbat  
  92  12:26  Marine  
  89  12:43  Viking  
  89  12:44  Marine, Viking  
  91  12:47  Thor x2  
  104  13:01  Planetary Fortress  
  104  13:02  Marine  
  99  13:13  Viking  
  99  13:14  Viking  
  99  13:17  Hellbat  
  99  13:18  Hellbat  
  102  13:29  Thor  
  102  13:30  Thor  
  106  13:39  Hellbat  
  106  13:54  Marine  
  105  13:57  Hellbat  
  106  14:03  SCV  
  107  14:12  Marine  
  107  14:15  SCV  
Show
View Real Time Build Order
Export as new Build Order

Kalissa Protoss 

Build Orders:  

Get SALT Encoding   

  12  0:01  Probe (Chrono Boost)  
  13  0:27  Pylon  
  13  0:34  Probe (Chrono Boost)  
  14  0:44  Pylon  
  14  0:45  Probe (Chrono Boost)  
  15  0:55  Gateway  
  15  1:05  Assimilator  
  15  1:10  Probe (Chrono Boost)  
  16  1:18  Gateway  
  17  1:32  Probe (Chrono Boost)  
  17  1:34  Gateway  
  17  1:43  Probe (Chrono Boost)  
  17  1:44  Zealot  
  20  1:52  Cybernetics Core  
  20  2:06  Zealot  
  22  2:14  Probe (Chrono Boost)  
  23  2:16  Zealot  
  25  2:26  Probe (Chrono Boost)  
  26  2:30  Assimilator  
  26  2:35  Pylon, Warp Gate (Chrono Boost)  
  26  2:38  Zealot  
  26  2:43  Zealot  
  30  3:05  Zealot  
  32  3:07  Zealot  
  32  3:12  Probe  
  35  3:22  Stalker  
  35  3:25  Probe  
  38  4:03  Stalker  
  38  4:13  Pylon  
  38  4:15  Pylon  
  38  4:17  Stalker  
  38  4:22  Stalker  
  34  4:33  Stalker  
  34  5:06  Stalker  
  26  5:25  Mothership Core  
  26  5:28  Zealot x2  
  32  5:45  Robotics Facility  
  32  5:46  Probe  
  32  5:48  Gateway  
  33  5:58  Probe  
  34  6:10  Probe  
  30  6:12  Nexus  
  30  6:15  Pylon, Zealot  
  30  6:17  Pylon  
  30  6:26  Zealot  
  30  6:28  Sentry  
  34  6:49  Stalker x2  
  34  6:51  Sentry  
  40  7:03  Zealot  
  40  7:04  Observer  
  43  7:09  Probe  
  44  7:21  Probe, Stalker  
  44  7:22  Sentry  
  49  7:40  Immortal  
  53  7:44  Probe  
  54  8:00  Stalker  
  54  8:01  Stalker  
  58  8:16  Probe  
  59  8:21  Stalker  
  59  8:22  Stalker  
  63  8:46  Immortal  
  63  8:47  Pylon  
  67  8:53  Sentry x2  
  67  8:54  Sentry  
  73  9:00  Sentry  
  75  9:30  Probe  
  75  9:31  Immortal  
  75  9:32  Probe  
  81  9:44  Probe  
  82  9:52  Nexus  
  82  10:11  Immortal  
  86  10:15  Probe  
  86  10:16  Probe  
  88  10:25  Probe  
  89  10:42  Stalker x2  
  93  11:00  Immortal  
  81  11:04  Stalker  
  81  11:05  Stalker x3  
  63  11:22  Probe x2  
  63  11:23  Probe  
  56  11:28  Stalker x4  
  58  11:40  Gateway  
  52  12:00  Stalker  
  52  12:01  Stalker x3  
  50  12:18  Immortal  
  50  12:21  Probe x2  
  50  12:22  Probe  
  50  12:24  Stalker x2  
  50  12:25  Stalker  
  54  12:34  Probe  
  55  12:37  Stalker  
  57  12:47  Probe  
  57  12:49  Probe  
  57  12:50  Probe  
  60  12:59  Assimilator  
  60  13:01  Assimilator  
  54  13:37  Probe x2  
  54  13:38  Probe  
  57  13:47  Probe  
  57  13:50  Probe  
  59  13:59  Pylon  
  59  14:01  Pylon  
  59  14:05  Gateway, Pylon  
  59  14:07  Gateway  
  59  14:09  Gateway  
  63  14:10  Stalker x2  
  63  14:11  Stalker  
  68  14:18  Zealot  
  68  14:19  Zealot  
  67  14:39  Stalker  
  67  14:40  Stalker x2  
Show
View Real Time Build Order
Export as new Build Order

BBWHITE Protoss 

Build Orders:  

Get SALT Encoding   

  12  0:02  Probe (Chrono Boost)  
  13  0:18  Probe (Chrono Boost)  
  15  0:28  Probe (Chrono Boost)  
  15  0:35  Pylon  
  15  0:43  Assimilator  
  15  0:53  Probe (Chrono Boost)  
  16  1:02  Gateway  
  16  1:03  Probe (Chrono Boost)  
  17  1:14  Probe (Chrono Boost)  
  18  1:20  Assimilator  
  18  1:24  Probe (Chrono Boost)  
  19  1:35  Probe (Chrono Boost)  
  20  1:42  Forge  
  20  1:46  Probe (Chrono Boost)  
  21  1:47  Pylon  
  21  1:56  Probe (Chrono Boost)  
  22  2:06  Probe (Chrono Boost), Zealot (Chrono Boost)  
  25  2:17  Cybernetics Core  
  25  2:23  Photon Cannon  
  25  2:26  Photon Cannon  
  25  2:46  Nexus  
  25  3:00  Pylon  
  25  3:01  Mothership Core (Chrono Boost)  
  25  3:04  Protoss Air Weapons Level 1 (Chrono Boost)  
  27  3:12  Protoss Shields Level 1  
  27  3:21  Assimilator  
  27  3:26  Assimilator  
  27  3:34  Stargate  
  27  4:06  Probe  
  27  4:07  Stargate  
  28  4:10  Probe  
  29  4:18  Probe  
  29  4:21  Probe  
  31  4:31  Probe x2  
  33  4:43  Probe  
  33  4:44  Void Ray (Chrono Boost)  
  42  4:55  Probe  
  42  4:57  Void Ray (Chrono Boost)  
  42  4:59  Pylon  
  43  5:03  Pylon  
  43  5:25  Photon Cannon  
  43  5:26  Probe  
  43  5:27  Photon Cannon  
  44  5:38  Probe  
  44  5:40  Pylon  
  44  5:42  Pylon  
  36  5:50  Probe  
  33  6:03  Probe, Void Ray (Chrono Boost)  
  34  6:15  Probe  
  35  7:07  Nexus  
  39  7:17  Void Ray (Chrono Boost)  
  39  7:34  Pylon  
  35  8:48  Probe  
  35  8:54  Photon Cannon  
  36  8:56  Photon Cannon  
  36  8:58  Probe  
  36  9:00  Probe  
  38  9:03  Void Ray (Chrono Boost)  
  38  9:04  Void Ray (Chrono Boost)  
  38  9:09  Probe  
  46  9:12  Probe  
  48  9:21  Probe  
  49  9:24  Probe  
  50  9:32  Fleet Beacon  
  50  9:33  Probe  
  50  9:35  Pylon  
  50  9:36  Probe  
  52  9:40  Pylon  
  52  9:45  Assimilator  
  52  9:49  Probe  
  52  9:50  Assimilator  
  53  10:05  Stargate  
  53  10:24  Carrier (Chrono Boost)  
  53  10:27  Carrier (Chrono Boost)  
  65  10:32  Probe  
  66  10:40  Protoss Air Weapons Level 2  
  66  10:44  Probe  
  67  10:51  Graviton Catapult (Chrono Boost)  
  67  10:56  Probe  
  68  11:08  Probe  
  69  11:20  Carrier  
Tags
 
Add a new tag
Caveats
  • Supply blocks, unpowered buildings, or Contaminate may cause inaccurate times.
  • Supply counts are checked every 10 seconds.